 Dungeon Crawl Stone Soup version 0.23.2 (webtiles) character file.

Game seed: 15896742904530869669

106 dvd the Gusty (level 4, -1/24 HPs)
             Began as a Tengu Air Elementalist on Apr 11, 2019.
             Slain by a leopard gecko (3 damage)
             ... on level 4 of the Dungeon.
             The game lasted 00:09:34 (2849 turns).

dvd the Gusty (Tengu Air Elementalist)              Turns: 2849, Time: 00:09:35

Health: -1/24      AC:  3    Str:  8    XL:     4   Next: 84%
Magic:  2/10       EV: 13    Int: 16    God:
Gold:   168        SH:  0    Dex: 15    Spells: 1/9 levels left

rFire    . . .     SeeInvis .   b - +0 hand axe
rCold    + . .     Gourm    +   (no shield)
rNeg     + . .     Faith    .   a - +0 robe
rPois    .         Spirit   .   (helmet restricted)
rElec    .         Reflect  .   (no cloak)
rCorr    .         Harm     .   d - +0 pair of gloves
MR       .....                  (boots unavailable)
Stlth    ++........             l - amulet of the gourmand
HPRegen  0.08/turn              e - ring of positive energy
MPRegen  0.12/turn              u - ring of protection from cold

@: no status effects
A: beak, talons 3
a: no special abilities


You were on level 4 of the Dungeon.
You were not hungry.

You visited 1 branch of the dungeon, and saw 5 of its levels.

You collected 168 gold pieces.

Inventory:

Hand Weapons
 b - a +0 hand axe (weapon)
Armour
 a - a +0 robe (worn)
 d - a +0 pair of gloves (worn)
 t - a +2 scale mail of poison resistance
Jewellery
 e - a ring of positive energy (left hand)
 l - an amulet of the gourmand (around neck)
 r - an uncursed ring of fire
 u - a ring of protection from cold (right hand)
Scrolls
 f - 9 scrolls of identify {unknown}
 i - 2 scrolls of teleportation {unknown}
 m - a scroll of enchant weapon {unknown}
 o - 2 scrolls of noise {unknown}
 q - 3 scrolls of remove curse {unknown}
Potions
 g - a potion of mutation {unknown}
 h - 2 potions of brilliance {unknown}
 j - 5 potions of curing {unknown}
 k - a potion of flight {unknown}
 n - a potion of cancellation {unknown}
 p - a potion of heal wounds {unknown}
 s - a potion of degeneration {unknown}
Comestibles
 c - 11 rations
 v - 3 chunks of flesh


   Skills:
 + Level 0.2 Fighting
 + Level 2.2 Dodging
 + Level 2.1 Stealth
 + Level 3.4 Spellcasting
 + Level 2.1 Conjurations
 + Level 5.4 Air Magic


You had one spell level left.
You knew the following spells:

 Your Spells              Type           Power        Failure   Level  Hunger
a - Shock                 Conj/Air       ##..         3%          1    None
b - Static Discharge      Conj/Air       ##......     12%         3    ###....
c - Airstrike             Air            ###.......   19%         4    ####...

Your spell library contained the following spells:

 Spells                   Type           Power        Failure   Level  Hunger
 Swiftness                Chrm/Air       ##......     9%          2    ##.....
 Lightning Bolt           Conj/Air       ##........   71%         5    ######.


Dungeon Overview and Level Annotations

Branches:
Dungeon (5/15)
 Temple: D:4-7

Altars:
Nemelex Xobeh

Portals:
Sewer: D:5


Innate Abilities, Weirdness & Mutations

You have a beak for a mouth.
You have claws for feet.


Message History

Unknown command.
Casting: Shock (safe; 3% risk of failure)
Confirm with . or Enter, or press ? or * to list all spells.
Aiming: Shock (safe; 3% risk of failure)
Press: ? - help, Shift-Dir - straight line The zap hits the leopard gecko.
The leopard gecko is moderately wounded.
The zap misses the leopard gecko.
The leopard gecko bites you but does no damage.
The leopard gecko barely misses you.
Casting: Shock (safe; 3% risk of failure)
Confirm with . or Enter, or press ? or * to list all spells.
Aiming: Shock (safe; 3% risk of failure)
Press: ? - help, Shift-Dir - straight line The zap hits the leopard gecko.
The leopard gecko is severely wounded.
The zap hits the leopard gecko.
The leopard gecko is almost dead.
The leopard gecko bites you.
You die...

## ###.###
###.....####
#..l@......#
#.......####
#....w...#
#..........#
##.........#
#.........#
#.........#
#..........


You could see a worm and a leopard gecko.

Vanquished Creatures
  Terence (D:2)
  An adder (D:4)
  An ooze (D:1)
  2 worms
  A dart slug (D:1)
  2 leopard geckos (D:3)
  2 orcs (D:3)
  7 giant cockroaches
  5 goblins
  4 hobgoblins
  6 jackals (D:1)
  A quokka (D:3)
  A ball python (D:2)
  7 bats
  A frilled lizard (D:1)
  2 kobolds
  11 rats
55 creatures vanquished.

Notes
Turn   | Place    | Note
-------+----------+-------------------------------------------
     0 | D:1      | dvd the Tengu Air Elementalist began the quest for the Orb.
     0 | D:1      | Reached XP level 1. HP: 10/10 MP: 4/4
   187 | D:1      | Reached XP level 2. HP: 15/15 MP: 1/6
   694 | D:1      | Reached XP level 3. HP: 19/19 MP: 5/7
   699 | D:1      | Learned a level 3 spell: Static Discharge
   753 | D:1      | Reached skill level 5 in Air Magic
  1196 | D:2      | Noticed Terence
  1758 | D:2      | Killed Terence
  1758 | D:2      | Reached XP level 4. HP: 17/24 MP: 0/9
  1845 | D:2      | Learned a level 4 spell: Airstrike
  2130 | D:3      | Found a sparkling altar of Nemelex Xobeh.
  2745 | D:4      | You fall through a shaft!
  2745 | D:5      | Entered Level 5 of the Dungeon
  2816 | D:5      | Found a glowing drain.
  2849 | D:4      | Slain by a leopard gecko

Skill      XL: |  1  2  3  4 |
---------------+-------------+-----
Air Magic      | 5 |  5.4
Spellcasting   | 3 |  3.4
Conjurations   | 2 |  2.1
Fighting       | |  0.2
Dodging        | |  2.2
Stealth        | |  2.1

Action                   |  1- 3 |  4- 6 || total
-------------------------+-------+-------++-------
Melee: Unarmed           |     4 |       ||     4
       Kick              |     2 |     2 ||     4
       Hand axe          |       |     6 ||     6
       Peck              |       |     1 ||     1
 Cast: Shock             |    67 |    44 ||   111
       Static Discharge  |     1 |     1 ||     2
  Eat: Chunk             |     3 |     8 ||    11
Armor: Robe              |     4 |     4 ||     8
Dodge: Dodged            |    17 |    21 ||    38
